 Dungeon Sprint DCSS version 0.30.1-11-g7821555f0a (webtiles) character file.

Game seed: 11097652651707652981

59 Groucho the Vexing (level 3, -1/21 HPs)
             Began as a Felid Enchanter on Nov 25, 2023.
             Slain by a necrophage (8 damage)
             ... in the Dungeon (Sprint II: "The Violet Keep of Menkaure").
             The game lasted 00:00:19 (9 turns).

Groucho the Vexing (Felid Enchanter)                   Turns: 9, Time: 00:00:20

Health: -1/21      AC:  1    Str:  4    XL:     3   Next: 78%
Magic:  5/9        EV: 20    Int: 16    God:
Gold:   0          SH:  0    Dex: 18    Spells: 9/9 levels left
                                        Lives:  0   Deaths: 0

rFire   . .          .
                       - Unarmed
rCold   . . .        (shield unavailable)
rNeg    . . .        (body armour unavailable)
rPois   .            (helmet unavailable)
rElec   .            (cloak unavailable)
rCorr   .            (gloves unavailable)
SInv    +            (boots unavailable)
Will    .....        (no amulet) Stlth
                     (no ring)
HPRegen 0.23/turn    (no ring)
MPRegen 0.11/turn

%: no teleportation
@: berserking (expiring), very quick
A: very small, claws 1, fangs 3, see invisible, speed 1, shaggy fur 1, stealthy
paws, no weapons or thrown items, no armour, multi-lived
a: no special abilities


You were in the Dungeon.
You visited 1 branch

Inventory:

Scrolls
 g - a scroll of blinking
Potions
 a - 2 potions of invisibility
 b - a potion of curing
 c - a potion of heal wounds
 d - a potion of haste
 e - 2 potions of magic


   Skills:
 + Level 5.1 Dodging
 + Level 6.2 Stealth
 + Level 3.3 Unarmed Combat
 + Level 3.5 Spellcasting
 + Level 6.5 Hexes


You had 9 spell levels left.
You didn't know any spells.
Your spell library contained the following spells:

 Spells                   Type           Power      Damage    Failure   Level
 Confusing Touch          Hex            23%        N/A       3%          3
 Tukima's Dance           Hex            23%        N/A       3%          3
 Ensorcelled Hibernation  Hex/Ice        26%        N/A       7%          2
 Dazzling Flash           Conj/Hex       26%        N/A       14%         3


Dungeon Overview and Level Annotations

Branches:
Dungeon (1/1)

Altars:


Innate Abilities, Weirdness & Mutations

You have sharp claws.
You have razor-sharp teeth.
You have supernaturally acute eyesight. (SInv)
You cover ground quickly. (Speed+)
You are covered in fur. (AC +1)
Your paws help you pounce on unaware monsters.
You are incapable of wielding weapons or throwing items.
You cannot wear armour.
You gain extra lives every three experience levels.


Message History

Ouch! That really hurt!
You feel drained.
You are too injured to fight recklessly!
You are too injured to fight recklessly!
You are too injured to fight recklessly!
You are too injured to fight recklessly!
You are too injured to fight recklessly!
You are too injured to fight recklessly!
You are too injured to fight recklessly!
You claw the necrophage!
You destroy the necrophage!
Your life force feels restored.
Your Dodging skill gained 3 levels and is now at level 5!
Your Stealth skill gained 2 levels and is now at level 6!
Your Unarmed Combat skill gained 2 levels and is now at level 3!
Your Spellcasting skill increases to level 3!
Your Hexes skill gained 2 levels and is now at level 6!
You have reached level 2!
You have reached level 3!
Your experience leads to an increase in your attributes!
Increase (S)trength, (I)ntelligence, or (D)exterity?
You feel agile. x2
Unknown command.
Unknown command.
Unknown command.
Unknown command.
You are too injured to fight recklessly!
You are too injured to fight recklessly!
You are too injured to fight recklessly!
You are too injured to fight recklessly!
You are too injured to fight recklessly!
You scratch the necrophage.
The necrophage is lightly damaged.
The necrophage misses you.
You closely miss the necrophage.
The necrophage is lightly damaged.
You claw the necrophage!
The necrophage is heavily damaged.
The necrophage hits you!
You die...

# ##. #+#
#.nn##.##
#n@<.+
#...##.##
##. #+# #


You could see 3 necrophages.

Vanquished Creatures
  A necrophage (D)
1 creature vanquished.

Notes
Turn   | Place    | Note
-------+----------+-------------------------------------------
     0 | D        | Groucho the Felid Enchanter began the quest for the Orb.
     0 | D        | Reached XP level 1. HP: 7/7 MP: 4/4
     1 | D        | Noticed a necrophage
     1 | D        | Noticed a necrophage
     1 | D        | Noticed a necrophage
     1 | D        | Noticed a necrophage
     5 | D        | Killed a necrophage
     6 | D        | Reached skill level 5 in Dodging
     6 | D        | Reached XP level 2. HP: 5/11 MP: 4/7
     6 | D        | Reached XP level 3. HP: 6/14 MP: 5/9
     9 | D        | Slain by a necrophage

Illustrated notes

Levels and vault maps discovered:
D:        the_violet_keep_of_menkaure [sprint2_stairs_cluster_1,
          sprint2_shoproom, sprint2_temple, sprint2_basic_supplies,
          sprint2_obstacle_3, sprint2_obstacle_2, sprint2_obstacle_5,
          sprint2_obstacle_6, sprint2_obstacle_1, sprint2_timed_cluster_1,
          sprint2_smallroom_cluster_1, sprint2_smallroom_final_cluster_1,
          sprint2_transparent_cluster_1, sprint2_second_timed_cluster_1,
          sprint2_sniper_area_1, sprint2_heavy_combat_area_1,
          sprint2_mutation_trap_area_1, sprint2_forest_area_1,
          sprint2_light_combat_area_1, sprint2_behind_water_1,
          sprint2_near_end_vault_1]

Skill      XL: |  1 |
---------------+----+-----
Dodging        | 5 |  5.1
Stealth        | 6 |  6.2
Unarmed Combat | 3 |  3.3
Spellcasting   | 3 |  3.5
Hexes          | 6 |  6.5

Action                     || total
---------------------------++-------
  Melee: Unarmed           ||     6
         Bite              ||     1
    Use: Potion            ||     1
  Dodge: Dodged            ||     1
